 Dungeon Crawl Stone Soup version 0.30-a0-310-g7d6cbdfea6 (webtiles) character file.

Game seed: 12839268292235042692

79 Low2 the Chopper (level 4, -38/45 HPs)
             Began as an Ogre Gladiator on Oct 25, 2022.
             Killed by an exploding worm (43 damage)
             ... ignited by their inner flame
             ... on level 3 of the Dungeon.
             The game lasted 00:01:22 (224 turns).

Low2 the Chopper (Ogre Gladiator)                    Turns: 224, Time: 00:01:22

Health: -38/45     AC:  3    Str: 20    XL:     4   Next: 38%
Magic:  4/4        EV: 10    Int:  9    God:
Gold:   6          SH:  0    Dex: 10    Spells: 3/3 levels left

rFire   . . .      SeeInvis .    a - +0 war axe
rCold   . . .      Faith    .    (no shield)
rNeg    . . .      Spirit   .    b - +0 robe
rPois   .          Reflect  .    c - +0 hat
rElec   .          Harm     .    (no cloak)
rCorr   .          Rampage  .    (gloves unavailable)
Will    .....                    (boots unavailable)
Stlth   +.........               (no amulet)
HPRegen 0.27/turn                (no ring)
MPRegen 0.09/turn                (no ring)

@: no status effects
A: large, unfitting armour, tough skin 1
a: no special abilities


You were on level 3 of the Dungeon.
You visited 1 branch of the dungeon, and saw 3 of its levels.

You collected 6 gold pieces.

Inventory:

Hand Weapons
 a - a +0 war axe (weapon)
Missiles
 e - a large rock (quivered)
Armour
 b - a +0 robe (worn)
 c - a +0 hat (worn)
Magical Staves
 g - a staff of earth
Potions
 f - a potion of resistance {unknown}


   Skills:
 + Level 3.4 Fighting
 + Level 3.9 Axes
 + Level 2.3 Throwing
 + Level 3.4 Dodging
 + Level 0.1 Stealth


You had 3 spell levels left.
You didn't know any spells.
Your spell library contained the following spells:

 Spells                   Type           Power      Damage    Failure   Level
 Call Imp                 Summ           0%         N/A       52%         2
 Summon Guardian Golem    Hex/Summ       0%         N/A       77%         3


Dungeon Overview and Level Annotations

Branches:
Dungeon (3/15)

Altars:


Innate Abilities, Weirdness & Mutations

You are too large for most types of armour.
You have tough skin. (AC +1)


Message History

The river rat bites you. The rat bites you. The river rat bites you!
* * * LOW HITPOINT WARNING * * *
You hit the river rat.
You kill the river rat!
You barely miss the rat. You hit the river rat but do no damage.
The river rat disappears in a puff of smoke!
The rat bites you but does no damage.
The crimson imp blinks! x2
The crimson imp hits you but does no damage.
The rat attacks as you move away! The rat bites you.
* * * LOW HITPOINT WARNING * * *
The crimson imp closely misses you.
Things that are here:
a throwing net; a river rat corpse Throw: throwing net
Press: ? - help, Q - select action, (/) - cycle Shift-Dir - straight line, f - worm
Aim: a worm (77% to hit)
You throw a throwing net. The throwing net hits the worm.
The worm is caught in the net!
The shadow imp disappears in a puff of smoke!
The crimson imp disappears in a puff of smoke!
The rat bites you but does no damage.
As you read the scroll labelled NUOLIEVAZE, it crumbles to dust.
The creatures around you are filled with an inner flame!
It was a scroll of immolation.
The worm struggles against the net.
The rat barely misses you.
You hit the rat. You hit the worm.
Flame seeps out of the worm.
The rat explodes!
The fiery explosion engulfs you.
* * * LOW HITPOINT WARNING * * *
The fiery explosion engulfs the worm!!
The worm explodes!
The fiery explosion engulfs LnG's ghost!!!
You destroy LnG's ghost!
The rat disappears in a puff of smoke!
The crimson imp disappears in a puff of smoke!
The rat disappears in a puff of smoke! x2
The river rat disappears in a puff of smoke!
The fiery explosion engulfs you!!!
Ouch! That really hurt!
You die...

#########.
#~~~#
##.........
#~$~#
#..########
#~~~####.##
#~~§##...#
#§~§##.###
#§§§##.#
##○###.#
#@§§#..#
##§§..##
######


There were no monsters in sight!

Vanquished Creatures
  The ghost of LnG the Caller, an amateur KoSu (D:3)
  A bullfrog (D:3)
  An adder (D:3)
  A river rat (D:3)
  A worm (D:3)
  2 quokkas
  A rat (D:3)
8 creatures vanquished.

Notes
Turn   | Place    | Note
-------+----------+-------------------------------------------
     0 | D:1      | Low2 the Ogre Gladiator began the quest for the Orb.
     0 | D:1      | Reached XP level 1. HP: 22/22 MP: 1/1
   126 | D:2      | Got Sif Muna's Book of Assembling
   193 | D:3      | Found a runed translucent door.
   194 | D:3      | Noticed LnG's ghost (amateur KoSu)
   194 | D:3      | Noticed a bullfrog
   207 | D:3      | Reached XP level 2. HP: 29/29 MP: 2/2
   209 | D:3      | Noticed a crimson imp
   209 | D:3      | Killed a bullfrog
   210 | D:3      | Reached XP level 3. HP: 37/37 MP: 3/3
   210 | D:3      | Reached XP level 4. HP: 45/45 MP: 4/4
   224 | D:3      | Killed LnG's ghost
   224 | D:3      | Killed by an exploding worm... ignited by their inner flame

Illustrated notes

Levels and vault maps discovered:
D:1:      matt_arrival_los_fun, layout_loops_cross,
          shapermc_ecumenical_altar_totnotflames, st_stairs_5
D:2:      layout_basic, uniq_terence
D:3:      layout_basic, ebering_ghost_sewer_f

Skill      XL: |  1  2 |
---------------+-------+-----
Fighting       | 3 |  3.4
Dodging        | 3 |  3.4
Axes           | |  3.9
Throwing       | |  2.3
Stealth        | |  0.1

Action                   |  1- 3 |  4- 6 || total
-------------------------+-------+-------++-------
Melee: War axe           |     9 |    11 ||    20
Throw: Throwing net      |     1 |     2 ||     3
  Use: Scroll            |       |     1 ||     1
 Stab: Held in net/web   |     1 |       ||     1
Armor: Robe              |     2 |     8 ||    10
Dodge: Dodged            |    10 |    10 ||    20

Table legend: (Time is in decaauts)
 A = Elapsed time spent in this place.
 B = Non-inter-level travel time spent in this place.
 C = Inter-level travel time spent in this place.
 D = Time resting spent in this place.
 E = Time spent auto-exploring this place.
 F = Levels seen in this place.
 G = Mean time per level.
                   A        B        C        D        E       F      G
               +--------+--------+--------+--------+--------+-----+--------+
         Total |    229 |    229 |      0 |      0 |      0 |   3 |   76.3 |
       Dungeon |    229 |    229 |      0 |      0 |      0 |   3 |   76.3 |
               +--------+--------+--------+--------+--------+-----+--------+

Top non-repeatable levels by time:
     D:2: 92 daAuts
     D:1: 74 daAuts
     D:3: 62 daAuts
